 Seeded DCSS version 0.30-a0-359-gd0147acb1a (webtiles) character file.

Game seed: 13694512553357612568 (custom seed)

5 valliere the Shield-Bearer (level 1, -2/16 HPs)
             Began as an Octopode Fighter on Nov 11, 2022.
             Slain by an adder (4 damage)
             ... on level 2 of the Dungeon.
             The game lasted 00:00:17 (56 turns).

valliere the Shield-Bearer (Octopode Fighter)         Turns: 56, Time: 00:00:17

Health: -2/16      AC:  1    Str: 15    XL:     1   Next: 80%
Magic:  1/1        EV: 13    Int: 10    God:
Gold:   13         SH:  4    Dex: 11    Spells: 0/0 levels left

rFire   . . .      SeeInvis .      - Unarmed
rCold   . . .      Faith    .    a - +0 buckler
rNeg    . . .      Spirit   .    (helmet restricted)
rPois   .          Reflect  .    (no amulet)
rElec   .          Harm     .    (no ring)
rCorr   .          Rampage  .    (no ring)
Will    .....                    (no ring)
Stlth   ++........               (no ring)
HPRegen 0.22/turn                (no ring)
MPRegen 0.07/turn                (no ring)
                                 (no ring)
                                 (no ring)

@: no status effects
A: almost no armour, amphibious, 8 rings, camouflage 1, gelatinous body 1,
(nimble swimmer 1), tentacles
a: no special abilities


You were on level 2 of the Dungeon.
You visited 1 branch of the dungeon, and saw 2 of its levels.

You collected 13 gold pieces.

Inventory:

Armour
 a - a +0 buckler (worn)
Potions
 b - a potion of might


   Skills:
 + Level 3.0 Fighting
 + Level 3.0 Dodging
 + Level 0.4 Stealth
 + Level 3.0 Shields
 * Level 2.2 Unarmed Combat


You couldn't memorise any spells.
You didn't know any spells.
Your spell library was empty.

Dungeon Overview and Level Annotations

Branches:
Dungeon (2/15)

Altars:


Innate Abilities, Weirdness & Mutations

You cannot wear most types of armour.
You are amphibious.
You can wear up to eight rings at the same time.
Your skin changes colour to match your surroundings (Stealth+).
Your rubbery body absorbs attacks. (AC +1, EV +1)
((You are camouflaged when in or above water. (Stealth+)))
You have tentacles for arms and can constrict up to eight enemies at once.


Message History

A quokka comes into view.
You closely miss the jackal. Your grab misses the jackal.
The jackal barely misses you. The hobgoblin hits you.
You tentacle-slap the jackal but do no damage.
You grab the jackal. You squeeze the jackal.
You kill the jackal!
You barely miss the jackal. Your grab misses the jackal.
Your tentacle-slap misses the jackal.
Your squeeze misses the jackal.
An endoplasm comes into view.
You block the hobgoblin's attack. The jackal bites you.
There are monsters nearby!
You barely miss the adder. Your grab misses the adder.
Your squeeze misses the adder. You block the adder's attack.
The hobgoblin hits you. The adder misses you. You block the jackal's attack.
The jackal bites you but does no damage.
You tentacle-slap the adder. Your grab misses the adder.
You tentacle-slap the adder. Your squeeze misses the adder.
The adder is severely wounded.
The hobgoblin barely misses you. You block the adder's attack.
You block the jackal's attack. The jackal bites you.
There are monsters nearby!
You closely miss the adder. Your grab misses the adder.
The adder is heavily wounded.
The adder bites you. The jackal closely misses you. The hobgoblin misses you.
You block the jackal's attack.
You tentacle-slap the adder. You grab the adder.
The adder is almost dead.
You constrict the adder. You block the jackal's attack.
You block the adder's attack.
The jackal bites you but does no damage.
The hobgoblin hits you. The jackal bites you.
* * * LOW HITPOINT WARNING * * *
The adder bites you.
* * * LOW HITPOINT WARNING * * *
You release your grip on the adder.
The jackal attacks as you move away! The jackal closely misses you.
The jackal attacks as you move away! You block the jackal's attack.
The adder completely misses you.
The jackal bites you but does no damage.
The adder attacks as you move away! The adder bites you.
You die...

...... # ..
####.#... .#..##
........# ###.#...#
......... .......!.
......#.###.#[....#
...................
...........g......#
#...<..@SJ.#...#
#....#.#hh.....#
#....#.#r#.#...(
.........#.# # ..
..##....#.#.. .
#....#.#..
#....#.#..#
.....#.#..# #..#


You could see an adder, an endoplasm, a quokka, 2 jackals and a hobgoblin.

Vanquished Creatures
  An endoplasm (D:1)
  A jackal (D:2)
  A bat (D:1)
  2 goblins (D:1)
5 creatures vanquished.

Notes
Turn   | Place    | Note
-------+----------+-------------------------------------------
     0 | D:1      | valliere the Octopode Fighter began the quest for the Orb.
     0 | D:1      | Reached XP level 1. HP: 16/16 MP: 1/1
    56 | D:2      | Slain by an adder

Illustrated notes

Levels and vault maps discovered:
D:1:      erik_arrival_blinker_ship, layout_basic, bh_walls_and_bars
D:2:      layout_basic, dreamdust_ecumenical_altar_grove, serial_shops,
          nicolae_shop_waterfront

Action                   || total
-------------------------++-------
Melee: Unarmed           ||    16
       Constrict         ||     3
       Tentacles         ||     3
       Punch             ||     1
 Stab: Sleeping          ||     1
Armor: Skin              ||     3
Dodge: Dodged            ||     8
Block: Buckler           ||    11

Table legend: (Time is in decaauts)
 A = Elapsed time spent in this place.
 B = Non-inter-level travel time spent in this place.
 C = Inter-level travel time spent in this place.
 D = Time resting spent in this place.
 E = Time spent auto-exploring this place.
 F = Levels seen in this place.
 G = Mean time per level.
                   A        B        C        D        E       F      G
               +--------+--------+--------+--------+--------+-----+--------+
         Total |     55 |     55 |      0 |      0 |     12 |   2 |   27.5 |
       Dungeon |     55 |     55 |      0 |      0 |     12 |   2 |   27.5 |
               +--------+--------+--------+--------+--------+-----+--------+

Top non-repeatable levels by time:
     D:1: 43 daAuts
     D:2: 12 daAuts
